Map: Prion Terraces

Players

Hadarok - Winner!

  • Race: Protoss Protoss
  • League: Diamond

llllllllllll (CalebAracous)

  • Race: Zerg Zerg
  • League: Grandmaster

VOD

Have the link to the VOD?

Description

Time

  • Played on: Jan. 19, 2016, 2:20 p.m.
  • Length: 8:36
Show
View Real Time Build Order
Export as new Build Order

Hadarok Protoss - Winner!

Build Orders: 1 Gate Expand 

Get SALT Encoding   

  12  0:01  Probe (Chrono Boost)  
  13  0:12  Probe (Chrono Boost)  
  14  0:18  Pylon  
  14  0:22  Probe (Chrono Boost)  
  15  0:37  Probe (Chrono Boost), Gateway  
  15  0:42  Assimilator  
  16  0:47  Probe (Chrono Boost)  
  17  0:58  Probe (Chrono Boost)  
  18  1:08  Probe (Chrono Boost)  
  19  1:23  Nexus  
  19  1:28  Probe (Chrono Boost)  
  20  1:35  Cybernetics Core  
  20  1:39  Probe (Chrono Boost)  
  21  1:45  Pylon  
  21  1:51  Probe (Chrono Boost)  
  22  1:55  Assimilator  
  22  2:02  Probe (Chrono Boost)  
  23  2:12  Adept (Chrono Boost)  
  23  2:13  Warp Gate  
  26  2:15  Probe (Chrono Boost)  
  26  2:26  Mothership Core  
  28  2:35  Probe  
  29  2:38  Adept (Chrono Boost)  
  31  2:45  Probe  
  31  2:47  Probe  
  31  2:48  Gateway  
  33  2:53  Gateway  
  33  2:56  Probe (Chrono Boost)  
  34  2:59  Probe (Chrono Boost)  
  34  3:01  Adept (Chrono Boost)  
  37  3:08  Probe (Chrono Boost)  
  37  3:10  Probe (Chrono Boost)  
  39  3:19  Probe (Chrono Boost)  
  40  3:21  Probe (Chrono Boost)  
  40  3:25  Robotics Facility  
  41  3:29  Probe (Chrono Boost)  
  41  3:31  Probe (Chrono Boost)  
  43  3:40  Probe (Chrono Boost)  
  42  3:42  Probe (Chrono Boost)  
  42  3:45  Sentry  
  45  3:50  Twilight Council  
  45  3:51  Probe (Chrono Boost)  
  45  3:52  Gateway  
  45  3:54  Gateway  
  46  3:59  Pylon  
  46  4:04  Pylon  
  46  4:16  Probe (Chrono Boost)  
  46  4:17  Probe (Chrono Boost), Immortal (Chrono Boost)  
  52  4:26  Adept x3  
  52  4:27  Probe  
  52  4:29  Probe  
  60  4:36  Pylon  
  60  4:37  Pylon  
  60  4:44  Pylon  
  60  4:45  Pylon  
  60  4:47  Charge  
  58  4:56  Probe  
  59  5:06  Zealot x2  
  63  5:07  Zealot  
  63  5:08  Zealot x2  
  63  5:13  Immortal (Chrono Boost)  
  71  5:17  Pylon  
  65  5:30  Zealot x2  
  65  5:31  Zealot x3  
  63  5:54  Immortal (Chrono Boost)  
  63  5:55  Zealot x3  
  69  6:00  Zealot  
  65  6:17  Gateway  
  65  6:19  Gateway  
  65  6:23  Gateway x2, Zealot x4  
  65  6:24  Gateway  
  73  6:27  Pylon  
  73  6:31  Immortal (Chrono Boost)  
  67  6:46  Zealot x4  
  75  6:51  Gateway x2, Pylon  
  75  6:52  Pylon  
  75  7:05  Warp Prism (Chrono Boost)  
  75  7:06  Nexus  
  77  7:08  Sentry x2  
  77  7:09  Sentry x2  
  83  7:29  Zealot  
  75  7:37  Zealot x3  
  61  7:45  Zealot  
  61  8:01  Zealot x4  
  61  8:04  Zealot x5  
  79  8:08  Zealot  
  81  8:22  Zealot x2  
  81  8:23  Zealot x2  
  81  8:26  Zealot x4  
Show
View Real Time Build Order
Export as new Build Order

llllllllllll Zerg 

Build Orders: Hatch First 

Get SALT Encoding   

  12  0:01  Drone  
  13  0:14  Overlord  
  13  0:21  Overlord  
  13  0:26  Drone  
  14  0:36  Drone x2  
  16  0:47  Drone  
  17  1:03  Hatchery  
  16  1:06  Drone  
  16  1:09  Drone  
  18  1:20  Extractor  
  18  1:23  Spawning Pool  
  18  1:25  Drone  
  17  1:30  Drone  
  18  1:41  Drone  
  19  1:54  Drone  
  20  2:06  Drone  
  21  2:11  Queen  
  23  2:15  Queen  
  23  2:20  Metabolic Boost  
  26  2:22  Drone  
  26  2:23  Drone  
  27  2:32  Hatchery  
  27  2:35  Drone x2  
  28  2:38  Drone  
  29  2:45  Drone  
  29  2:46  Drone  
  32  2:51  Drone  
  32  2:57  Overlord  
  32  3:02  Zergling x2  
  33  3:07  Zergling x2  
  34  3:13  Drone  
  36  3:20  Drone x5  
  36  3:23  Roach Warren  
  36  3:24  Extractor  
  36  3:25  Drone x2, Extractor  
  36  3:26  Drone  
  40  3:36  Spore Crawler  
  40  3:37  Drone x2  
  41  3:44  Queen  
  43  3:57  Overlord x3  
  43  4:04  Roach x3  
  43  4:06  Zergling x2  
  50  4:17  Roach x4  
  56  4:19  Roach  
  56  4:21  Roach  
  62  4:25  Ravager  
  62  4:26  Ravager x2  
  62  4:30  Overlord  
  65  4:36  Zergling x2  
  65  4:37  Zergling x8  
  70  4:45  Roach x2  
  71  5:04  Zergling x2  
  71  5:05  Zergling x16  
  71  5:07  Ravager x3  
  77  5:14  Overlord  
  77  5:16  Roach x2  
  77  5:18  Zergling x2  
  81  5:22  Overlord  
  77  5:48  Zergling x10  
  77  5:49  Zergling x8  
  77  5:52  Ravager x2  
  77  5:53  Ravager  
  77  6:02  Zergling x6  
  65  6:12  Roach  
  65  6:13  Roach x2  
  71  6:18  Ravager  
  71  6:20  Roach  
  71  6:21  Roach  
  71  6:22  Lair  
  71  6:24  Roach  
  77  6:39  Zergling x2  
  67  6:40  Zergling x4  
  69  6:50  Evolution Chamber  
  69  6:51  Evolution Chamber  
  69  6:53  Ravager x5  
  72  6:55  Zergling x2  
  72  6:56  Zergling x18  
  72  7:01  Zergling x4  
  84  7:03  Ravager  
  84  7:07  Zergling x2  
  86  7:13  Drone x5  
  88  7:27  Zergling x14  
  82  7:37  Zergling x6  
  67  7:47  Drone  
  67  7:48  Drone x8  
  67  8:07  Drone x2  
  67  8:08  Drone, Hydralisk Den  
  67  8:09  Drone  
  67  8:12  Roach x3  
  76  8:22  Drone x2, Extractor  
Tags
 
Add a new tag
Caveats
  • Supply blocks, unpowered buildings, or Contaminate may cause inaccurate times.
  • Supply counts are checked every 10 seconds.